 Dungeon Crawl Stone Soup version 0.31-a0-836-g3ceb0a68c4 (webtiles) character file.

Game seed: 17372765909013198726

5228 Kurtz the Cleaver (level 10, -2/58 HPs)
             Began as an Octopode Fighter on Sept 27, 2023.
             Was a Believer of Qazlal.
             Slain by a troll (12 damage)
             ... on level 9 of the Dungeon.
             The game lasted 00:11:31 (8154 turns).

Kurtz the Cleaver (Octopode Fighter)                Turns: 8154, Time: 00:11:32

Health: -2/58      AC:  1    Str: 27    XL:     10   Next: 61%
Magic:  10/14      EV: 17    Int: 14    God:    Qazlal [**....]
Gold:   763        SH: 19    Dex: 15    Spells: 9/9 levels left

rFire   . . .        a - +0 war axe
rCold   + . .        v - +1 tower shield of Classification {Int+3 Dex+3}
rNeg    . . .        b - +0 hat
rPois   .            (no amulet)
rElec   .            k - +5 ring of evasion
rCorr   +            p - ring of resist corrosion
SInv    .            r - +6 ring of strength
Will    .....        s - ring of protection from cold
Stlth   ++           (no ring)
HPRegen 0.29/turn    (no ring)
MPRegen 0.14/turn    (no ring)
                     (no ring)

%: no passive effects
@: no status effects
A: almost no armour, amphibious, 8 rings, camouflage 1, gelatinous body 1,
(nimble swimmer 1), tentacles, frail 1, strong 1
a: Renounce Religion, Upheaval


You were on level 9 of the Dungeon.
You worshipped Qazlal.
Qazlal was pleased with you.
You visited 1 branch of the dungeon, and saw 9 of its levels.
You also visited: Bailey.

You collected 1288 gold pieces.
You spent 525 gold pieces at shops.

Inventory:

Hand Weapons
 a - a +0 war axe (weapon)
 m - a +1 dire flail of protection
Missiles
 f - 2 throwing nets
 t - 6 boomerangs
 y - 4 poisoned darts
 z - 2 curare-tipped darts
Armour
 b - a +0 hat (worn)
 v - the +1 tower shield of Classification (worn) {Int+3 Dex+3}
   (You acquired it in a bailey)

   Int+3:     It affects your intelligence (+3).
   Dex+3:     It affects your dexterity (+3).
Jewellery
 k - a +5 ring of evasion (left tentacle)
 p - a ring of resist corrosion (right tentacle)
 r - a +6 ring of strength (on tentacle)
 s - a ring of protection from cold (on tentacle)
Wands
 G - a wand of flame (16) (quivered)
Scrolls
 c - a scroll of vulnerability
 d - 3 scrolls of teleportation
 g - 2 scrolls of noise
 h - 3 scrolls of immolation {unknown}
 j - 3 scrolls of blinking {unknown}
 o - a scroll of torment {unknown}
 A - a scroll of amnesia {unknown}
Potions
 e - 3 potions of haste
 i - 3 potions of mutation
 l - 3 potions of heal wounds
 n - 2 potions of cancellation
 q - 4 potions of lignification
 u - 2 potions of curing
 w - 4 potions of magic
 x - 2 potions of enlightenment {unknown}
 B - a potion of berserk rage
 C - a potion of brilliance {unknown}
 D - a potion of invisibility {unknown}
 E - a potion of experience {unknown}
 F - 2 potions of might


   Skills:
 + Level 4.4 Fighting
 + Level 12.3 Axes
 - Level 3.0 Dodging
 * Level 7.3 Shields
 * Level 6.3 Invocations


You had 9 spell levels left.
You didn't know any spells.
Your spell library contained the following spells:

 Spells                   Type           Power      Damage    Failure   Level
 Kiss of Death            Conj/Necr      0%         2d5       71%         1
 Necrotise                Necr           0%         1d4       71%         1
 Cigotuvi's Dreadful Rot  Necr/Pois/Air  0%         N/A       85%         2
 Wereblood                Tmut           0%         N/A       85%         2
 Confusing Touch          Hex            0%         N/A       97%         3
 Stone Arrow              Conj/Erth      0%         3d7       97%         3
 Vampiric Draining        Necr           0%         2d6       97%         3
 Dispel Undead            Necr           0%         3d6       100%        4
 Summon Lightning Spire   Summ/Air       0%         N/A       100%        4
 Agony                    Necr           0%         N/A       100%        5
 Irradiate                Conj/Tmut      0%         3d11      100%        5
 Lee's Rapid Deconstruct  Erth           0%         3d4*      100%        5
 Death Channel            Necr           0%         N/A       100%        6
 Lehudib's Crystal Spear  Conj/Erth      0%         10d2      100%        8
 Animate Armour           Summ/Erth      Unusable   N/A       N/A         4

Dungeon Overview and Level Annotations

Branches:
Dungeon (9/15)             Temple (0/1) D:5          Bailey (visited)
   Lair: D:8-11         Orc: D:9-12

Altars:
Ashenzari
Gozag
Hepliaklqana
Okawaru
Qazlal
Ru
Trog

Shops:
D:9 !


Innate Abilities, Weirdness & Mutations

You cannot wear most types of armour.
You are amphibious.
You can wear up to eight rings at the same time.
Your skin changes colour to match your surroundings (Stealth+).
Your rubbery body absorbs attacks. (AC +1, EV +1)
((You are camouflaged when in or above water. (Stealth+)))
You have tentacles for arms and can constrict up to eight enemies at once.
You are frail. (-10% HP)
Your muscles are strong. (Str +4, Int/Dex -1)


Message History

Unknown command.
Aiming: Upheaval
Press: ? - help, Dir - move target The ground shakes violently, spewing rubble!
You constrict the kobold brigand. The kobold brigand closely misses you.
You block the kobold's attack.
Unknown command.
You hit the kobold brigand but do no damage.
The kobold brigand is moderately wounded.
You slash the kobold!
You kill the kobold!
Qazlal accepts your kill.
You hit the troll. You constrict the kobold brigand!
You block the troll's attack. The troll claws you!
You block the troll's attack. You block the kobold brigand's attack.
The troll bites you! The troll misses you. You block the troll's attack.
Unknown command.
You slash the kobold brigand!
You kill the kobold brigand!
Qazlal accepts your kill.
You hit the kobold. You slash the troll! You block the kobold's attack.
The troll misses you. You block the troll's attack. x2
Unknown command.
You barely miss the kobold. You grab the kobold. You slash the kobold!
You kill the kobold!
Qazlal accepts your kill.
You barely miss the troll. You constrict the kobold.
You kill the kobold!
Qazlal accepts your kill. You block the troll's attack. x3
You slash the troll! Your squeeze misses the troll.
The troll is heavily wounded.
You block the troll's attack. x2; The troll claws you!
Unknown command.
You slash the troll!
The troll is severely wounded.
The troll bites you!
* * * LOW HITPOINT WARNING * * *
The troll claws you!
You die...

#.[....##............
#.................##.
#...[................
##.)<.......##.......
#..[.......####.∩..##
##.........##........#
#.......>.......#..###
#....☼..[.......#..###
#....@°.........#.###. ##
##..T))........#......
##.##....)......)..###....
#...##..............##....
#....##..............#...Y
#.........................
##.#..............#.......
#.............####......
#..##........## #......


You could see a troll.

Vanquished Creatures
  Erica (D:8)
  Joseph (D:7)
  Grinder (D:3)
  A wraith (D:9)
  2 yaks (D:8)
  Grum (D:9)
  A steam dragon (D:8)
  Edmund (D:5)
  Duvessa (D:4)
  3 sky beasts
  3 orc warriors
  An ice beast (D:6)
  2 black bears (D:7)
  An ogre (D:5)
  6 centaurs
  3 wolves (D:8)
  2 phantoms
  3 kobold brigands
  2 bullfrogs
  8 wights (D:7)
  Dowan (D:4)
  A howler monkey (D:8)
  2 jellies (D:7)
  2 orc priests
  2 hounds
  A gnoll bouda (D:5)
  2 iguanas
  An orc wizard (D:8)
  18 gnolls
  4 adders
  A shadow imp (D:8)
  A white imp (D:7)
  A worm (D:4)
  A dart slug (D:2)
  22 orcs
  4 ball pythons
  3 bats
  5 endoplasms
  5 giant cockroaches
  14 goblins
  4 hobgoblins
  2 quokkas (D:3)
  3 frilled lizards
  22 kobolds
  2 rats
168 creatures vanquished.

Notes
Turn   | Place    | Note
-------+----------+-------------------------------------------
     0 | D:1      | Kurtz the Octopode Fighter began the quest for the Orb.
     0 | D:1      | Reached XP level 1. HP: 16/16 MP: 1/1
    98 | D:1      | Found a faded altar of an unknown god.
   162 | D:1      | Prayed at the altar of an unknown god.
   162 | D:1      | Became a worshipper of Qazlal Stormbringer
   162 | D:1      | Reached * piety under Qazlal
   188 | D:1      | Reached XP level 2. HP: 21/21 MP: 2/2
   537 | D:1      | Reached skill level 3 in Axes
   815 | D:2      | Reached skill level 1 in Invocations
   815 | D:2      | Reached XP level 3. HP: 24/26 MP: 3/3
  1428 | D:3      | Reached ** piety under Qazlal
  1469 | D:3      | Reached skill level 4 in Axes
  1469 | D:3      | Reached XP level 4. HP: 31/31 MP: 3/5
  1470 | D:3      | Noticed Grinder
  1478 | D:3      | Gained mutation: You are frail. (-10% HP) [potion of
                  | mutation]
  1478 | D:3      | Gained mutation: Your muscles are strong. (Str +4, Int/Dex
                  | -1) [potion of mutation]
  1484 | D:3      | Killed Grinder
  1485 | D:3      | Reached skill level 5 in Axes
  1485 | D:3      | Reached XP level 5. HP: 13/32 MP: 4/6
  1485 | D:3      | Reached XP level 6. HP: 16/37 MP: 4/7
  1643 | D:3      | Found an opulent altar of Gozag.
  1644 | D:3      | Found a bloodstained altar of Trog.
  1645 | D:3      | Found a sacrificial altar of Ru.
  1646 | D:3      | Found a broken altar of Ashenzari.
  1653 | D:3      | Found an iron altar of Okawaru.
  1755 | D:3      | Found a hazy altar of Hepliaklqana.
  1768 | D:3      | You fall into a shaft and drop 2 floors!
  1768 | D:5      | Entered Level 5 of the Dungeon
  1768 | D:5      | Found a staircase to the Ecumenical Temple.
  2006 | D:4      | Reached skill level 6 in Axes
  2614 | D:4      | Noticed an orc warrior
  2622 | D:4      | Killed an orc warrior
  2623 | D:4      | Reached XP level 7. HP: 38/41 MP: 9/9
  2938 | D:3      | Reached skill level 7 in Axes
  3071 | D:4      | Noticed Dowan
  3072 | D:4      | Noticed Duvessa
  3073 | D:4      | Killed Dowan
  3073 | D:4      | Reached *** piety under Qazlal
  3077 | D:4      | Killed Duvessa
  3361 | D:4      | Reached skill level 8 in Axes
  3573 | D:5      | Reached XP level 8. HP: 46/46 MP: 6/10
  3750 | D:5      | Noticed Edmund
  3761 | D:5      | Killed Edmund
  4080 | D:6      | Reached skill level 9 in Axes
  4507 | D:6      | Reached skill level 10 in Axes
  4613 | D:7      | Noticed Joseph
  4811 | D:7      | Found a flagged portal.
  4824 | Bailey   | Entered a bailey
  5124 | Bailey   | Reached XP level 9. HP: 42/44 MP: 12/12
  5428 | Bailey   | Acquired the +1 tower shield of Classification {Int+3
                  | Dex+3}
  5429 | Bailey   | Acquired 1042 gold pieces
  5642 | D:7      | Reached skill level 11 in Axes
  5885 | D:7      | Killed Joseph
  6112 | D:7      | Reached skill level 5 in Invocations
  6559 | D:8      | Noticed Erica
  6587 | D:8      | Killed Erica
  6588 | D:8      | Reached skill level 12 in Axes
  6588 | D:8      | Reached skill level 5 in Shields
  6588 | D:8      | Reached XP level 10. HP: 13/56 MP: 6/14
  7264 | D:9      | Noticed Grum
  7696 | D:9      | Killed Grum
  7709 | D:9      | Found Ego Rone's Distillery.
  7720 | D:9      | Bought a potion of curing for 45 gold pieces
  7720 | D:9      | Bought a potion of berserk rage for 75 gold pieces
  7720 | D:9      | Bought a potion of might for 60 gold pieces
  7720 | D:9      | Bought 2 potions of haste for 300 gold pieces
  7720 | D:9      | Bought a potion of curing for 45 gold pieces
  7743 | D:9      | Identified the +3 dagger of Duaj Kisierr {antimagic, rF-
                  | Str+4 Stlth+}
  7988 | D:9      | Noticed a kobold demonologist
  8154 | D:9      | Slain by a troll

Illustrated notes

Levels and vault maps discovered:
D:1:      amcnicky_arrival_wind_blow, layout_basic,
          hellmonk_ecumenical_altar_pennies_from_heaven
D:2:      layout_basic
D:3:      layout_basic, overflow_temple_1_default, mainiacjoe_overflow_alcove_3,
          mainiacjoe_overflow_six_doors_small, hangedman_feature_mirror,
          uniq_grinder
D:4:      layout_loops_cross, uniq_duvessa
D:5:      layout_gridville, minmay_temple_entry_drinking_statues, uniq_edmund
D:6:      layout_rooms, nicolae_concentric_dashed_squares_mild, nicolae_titane
D:7:      layout_basic, enter_bailey_3, uniq_joseph
D:8:      layout_rooms, uniq_erica
D:9:      layout_cave_pools, mainiacjoe_overflow_tiny_flanked, david_orc_5,
          serial_shops, shop, uniq_grum, uniq_psyche

Skill      XL: |  1  2  3  4  5  6  7  8  9 10 |
---------------+-------------------------------+-----
Axes           | 3 4 5 6 8 10 12 | 12.3
Invocations    | 1 2 3 4 5 6 |  6.3
Shields        | 5 7 |  7.3
Fighting       | 4 |  4.4
Dodging        | |  3.0

Action                     |  1- 3 |  4- 6 |  7- 9 | 10-12 || total
---------------------------+-------+-------+-------+-------++-------
  Melee: War axe           |    63 |    49 |   174 |    56 ||   342
         Constrict         |    15 |    11 |    40 |     6 ||    72
         Tentacles         |     9 |    16 |    34 |    10 ||    69
         Punch             |     2 |     2 |     1 |     1 ||     6
  Throw: Dart              |       |       |     8 |     3 ||    11
 Invoke: Upheaval          |       |       |    13 |     5 ||    18
  Evoke: Wand              |       |       |       |     7 ||     7
    Use: Potion            |       |     5 |     7 |     1 ||    13
         Scroll            |       |       |    12 |       ||    12
   Stab: Sleeping          |     1 |       |       |       ||     1
 Armour: Skin              |    17 |    12 |    51 |    32 ||   112
  Dodge: Dodged            |    33 |    30 |   105 |    44 ||   212
  Block: Buckler           |    18 |    22 |    54 |       ||    94
         Tower shield      |       |       |    66 |    80 ||   146

Table legend: (Time is in decaauts)
 A = Elapsed time spent in this place.
 B = Non-inter-level travel time spent in this place.
 C = Inter-level travel time spent in this place.
 D = Time resting spent in this place.
 E = Time spent auto-exploring this place.
 F = Levels seen in this place.
 G = Mean time per level.
                   A        B        C        D        E       F      G
               +--------+--------+--------+--------+--------+-----+--------+
         Total |   8175 |   7791 |    384 |   2402 |   4209 |  10 |  817.5 |
       Dungeon |   7369 |   6985 |    384 |   1967 |   3992 |   9 |  818.8 |
        Bailey |    806 |    806 |      0 |    434 |    217 |   1 |  806.0 |
               +--------+--------+--------+--------+--------+-----+--------+

Top non-repeatable levels by time:
     D:8: 1317 daAuts
     D:7: 1102 daAuts
     D:5: 1037 daAuts
     D:4: 944 daAuts
  Bailey: 806 daAuts
     D:2: 764 daAuts
     D:6: 702 daAuts
     D:1: 677 daAuts
     D:3: 645 daAuts
     D:9: 178 daAuts
